 Dungeon Crawl Stone Soup version 0.24.0-123-gd5b16e6ec5 (webtiles) character file.

Game seed: 2103687770730316779, levelgen mode: deterministic

401 Johnny the Digger (level 6, -5/45 HPs)
             Began as a Demigod Earth Elementalist on Feb 2, 2020.
             Slain by a gnoll
             ... wielding a +0 club
              (6 damage)
             ... on level 4 of the Dungeon.
             The game lasted 00:03:38 (3475 turns).

Johnny the Digger (Demigod Earth Elementalist)      Turns: 3475, Time: 00:03:39

Health: -5/45      AC:  4    Str: 11    XL:     6   Next: 28%
Magic:  8/15       EV: 12    Int: 23    God:
Gold:   164        SH:  0    Dex: 16    Spells: 9/13 levels left

rFire    . . .     SeeInvis .   q - +2 dagger (venom)
rCold    . . .     Gourm    .   (no shield)
rNeg     . . .     Faith    .   c - +0 robe
rPois    .         Spirit   .   (no helmet)
rElec    .         Reflect  .   p - +0 cloak
rCorr    .         Harm     .   (no gloves)
MR       .....                  m - +0 pair of boots
Stlth    ++........             (no amulet)
HPRegen  0.15/turn              (no ring)
MPRegen  0.14/turn              (no ring)

@: no status effects
A: high mp 1
a: no special abilities


You were on level 4 of the Dungeon.
You were hungry.

You visited 1 branch of the dungeon, and saw 4 of its levels.

You collected 164 gold pieces.

Inventory:

Hand Weapons
 q - a +2 dagger of venom (weapon)
Missiles
 j - 48 stones (quivered)
Armour
 c - a +0 robe (worn)
 m - a +0 pair of boots (worn)
 p - a +0 cloak (worn)
 t - a cursed +0 shield
Jewellery
 n - an uncursed ring of ice
Wands
 u - a wand of paralysis (4)
Scrolls
 a - 2 scrolls of remove curse
 b - a scroll of immolation
 h - 5 scrolls of teleportation
 i - a scroll of identify
 k - 2 scrolls of enchant armour
 s - a scroll of noise {unknown}
Potions
 e - a potion of ambrosia
 f - a potion of haste
 g - a potion of cancellation {unknown}
 l - a potion of magic {unknown}
 o - a potion of brilliance {unknown}
 r - a potion of curing
Comestibles
 d - 5 rations


   Skills:
 - Level 1.7 Dodging
 - Level 1.7 Stealth
 + Level 2.1 Shields
 + Level 4.0 Spellcasting
   Level 0.8 Transmutations
 + Level 4.8 Earth Magic


You had 9 spell levels left.
You knew the following spells:

 Your Spells              Type           Power        Failure   Level  Hunger
a - Sandblast             Erth           ####..       1%          1    None
b - Stone Arrow           Conj/Erth      ###...       12%         3    ##.....

Your spell library contained the following spells:

 Spells                   Type           Power        Failure   Level  Hunger
 Passwall                 Tmut/Erth      ###.....     4%          2    #......
 Petrify                  Tmut/Erth      ###.....     32%         4    ####...
 Lee's Rapid Deconstruct  Erth           ####......   36%         5    ######.


Dungeon Overview and Level Annotations

Branches:
Dungeon (4/15)
 Temple: D:4-7

Annotations:
D:4 2 transporters, Jhinris's ghost, novice GrEE


Innate Abilities, Weirdness & Mutations

You have an increased reservoir of magic. (+10% MP)


Message History

Casting: Sandblast (safe; 1% risk of failure)
Confirm with . or Enter, or press ? or * to list all spells.
Aiming: Sandblast (safe; 1% risk of failure)
Press: ? - help, Shift-Dir - straight line, f - gnoll
Aim: a gnoll, wielding a +0 flail The blast of sand hits the gnoll but does no damage.
j - 49 stones The gnoll hits you with a +0 club.
* * * LOW HITPOINT WARNING * * *
The gnoll hits you but does no damage.
Casting: Sandblast (safe; 1% risk of failure)
Confirm with . or Enter, or press ? or * to list all spells.
Aiming: Sandblast (safe; 1% risk of failure)
Press: ? - help, Shift-Dir - straight line, f/p - gnoll
Aim: a gnoll, wielding a +0 flail The blast of sand hits the gnoll!
The gnoll is severely wounded.
j - 48 stones The gnoll hits you with a +0 club.
You die...

..........##.
..#............. .
..#......[...... ...
..##........##.. ....####
..........#.##..
........#.. .......#.##..
....##..Z. .......#.....
.......gg# ........#.....
#.....##@##.....#........
#........##.... ......#
#.......##..########....#
........#...#......#..#.
##..........#.#..# #<.#
#..........#O.# .#.
#....#...#.#W.##..
#....#....©#.#..#.
#.....(....#$....©


You could see 2 gnolls and a quokka skeleton.

Vanquished Creatures
  A scorpion (D:4)
  2 orc priests
  Crazy Yiuf (D:2)
  An orc wizard (D:4)
  An iguana (D:4)
  A worker ant (D:4)
  A worker ant zombie (D:2)
  5 adders
  2 gnolls (D:4)
  An adder skeleton (D:3)
  3 worms (D:3)
  5 dart slugs
  3 leopard geckos
  4 orcs
  4 ball pythons
  11 bats
  7 giant cockroaches
  7 goblins
  10 hobgoblins
  5 jackals
  4 frilled lizards
  6 kobolds
  A quokka skeleton (D:4)
  3 rats
89 creatures vanquished.

Notes
Turn   | Place    | Note
-------+----------+-------------------------------------------
     0 | D:1      | Johnny the Demigod Earth Elementalist began the quest for
                  | the Orb.
     0 | D:1      | Reached XP level 1. HP: 14/14 MP: 5/5
   357 | D:1      | Reached XP level 2. HP: 20/20 MP: 2/7
   703 | D:1      | Reached XP level 3. HP: 25/26 MP: 5/9
   749 | D:1      | Learned a level 3 spell: Stone Arrow
  1692 | D:2      | Found a shadowy altar of Dithmenos.
  1694 | D:2      | Found an ancient bone altar of Kikubaaqudgha.
  1697 | D:2      | Found a snail-covered altar of Cheibriados.
  1697 | D:2      | Found a burning altar of Makhleb.
  1697 | D:2      | Found a sacrificial altar of Ru.
  1697 | D:2      | Found a sparkling altar of Nemelex Xobeh.
  1699 | D:2      | Reached XP level 4. HP: 21/33 MP: 8/11
  1821 | D:2      | Found a runed translucent door.
  1822 | D:2      | Noticed Crazy Yiuf
  1827 | D:2      | Killed Crazy Yiuf
  2845 | D:3      | Reached XP level 5. HP: 34/38 MP: 13/13
  3053 | D:4      | Reached skill level 1 in Shields
  3110 | D:4      | Reached XP level 6. HP: 13/45 MP: 3/15
  3378 | D:4      | Found a hazy altar of Hepliaklqana.
  3449 | D:4      | Found a transporter.
  3450 | D:4      | Noticed Jhinris's ghost (novice GrEE)
  3451 | D:4      | Found a transporter.
  3451 | D:4      | Identified the +7 great mace "Ujekonih" {crush, rF++}
  3474 | D:4      | HP: 1/45 [gnoll/+0 club (6)]
  3475 | D:4      | Slain by a gnoll

Levels and vault maps discovered:
D:1:      nicolae_arrival_washed_ashore, layout_rooms, chequers_garden,
          grunt_decor_mini_mirrors, chequers_serial_rivers_small_b,
          patterned_corridor
D:2:      layout_rooms, grunt_temple_overflow_open, uniq_crazy_yiuf_cottage
D:3:      layout_basic
D:4:      layout_cave_pools, kennysheep_mini, kennysheep_mini_moat,
          first_ration, gammafunk_ghost_smash, hangedman_decor_points,
          supply_closet_lemuel

Skill      XL: |  1  2  3  4  5  6 |
---------------+-------------------+-----
Spellcasting   | 2 3 4 |  4.0
Earth Magic    | 3 4 |  4.8
Shields        | 1 2 |  2.1
Dodging        | |  1.7
Stealth        | |  1.7
Transmutations | |  0.8

Action                   |  1- 3 |  4- 6 || total
-------------------------+-------+-------++-------
Melee: Unarmed           |     2 |       ||     2
       Hand axe          |    67 |    14 ||    81
       Dagger            |       |    86 ||    86
 Cast: Sandblast         |    32 |    37 ||    69
       Stone Arrow       |     3 |     1 ||     4
  Use: Scroll            |       |     8 ||     8
 Stab: Sleeping          |     2 |     3 ||     5
  Eat: Chunk             |     3 |     5 ||     8
Armor: Robe              |    24 |    23 ||    47
Dodge: Dodged            |    63 |    58 ||   121
